Map: Frozen Temple

Players

Goky - Winner!

  • Race: Terran Terran
  • League: Grandmaster

Pokebunny

  • Race: Terran Terran
  • League: Grandmaster

VOD

Have the link to the VOD?

Description

Time

  • Played on: April 5, 2016, 11:23 p.m.
  • Length: 10:01
Show
View Real Time Build Order
Export as new Build Order

Goky Terran - Winner!

Build Orders: 1/1/1, Bio Tank, Banshee Rush 

Get SALT Encoding   

  12  0:00  SCV  
  13  0:12  SCV  
  14  0:17  Supply Depot  
  14  0:25  SCV  
  14  0:28  Refinery  
  15  0:39  SCV  
  16  0:45  Barracks  
  16  0:51  SCV  
  16  0:56  Refinery  
  17  1:03  SCV  
  18  1:15  SCV  
  19  1:32  Orbital Command, Factory  
  19  1:35  Reaper  
  20  1:44  Supply Depot  
  20  1:58  SCV  
  21  2:07  Reaper  
  22  2:12  SCV  
  23  2:17  Hellion, Starport  
  25  2:24  SCV  
  26  2:32  Supply Depot  
  26  2:37  SCV  
  26  2:38  Hellion  
  26  2:41  Barracks Tech Lab  
  29  2:50  SCV  
  29  3:17  Factory Reactor  
  26  3:22  SCV  
  26  3:23  Cloaking Field  
  26  3:24  Banshee  
  30  3:35  SCV  
  30  3:37  Command Center, Supply Depot  
  31  3:48  SCV  
  32  3:59  Factory Tech Lab  
  32  4:03  Marine x2  
  32  4:05  SCV  
  32  4:07  Banshee  
  36  4:17  Siege Tank, SCV  
  40  4:24  Marine x2  
  40  4:30  SCV  
  43  4:38  Barracks  
  43  4:39  Barracks  
  43  4:42  Marine x2  
  45  4:46  SCV  
  45  4:49  Orbital Command  
  45  4:51  Siege Tank  
  49  4:55  Raven  
  49  4:59  SCV  
  52  5:02  Marine x2  
  52  5:06  Supply Depot  
  54  5:11  SCV  
  55  5:20  SCV  
  56  5:23  Marine, SCV  
  56  5:24  Marine  
  56  5:28  Barracks Tech Lab  
  56  5:29  Barracks Tech Lab  
  56  5:31  Barracks Reactor  
  56  5:32  SCV  
  56  5:34  Siege Tank  
  60  5:38  SCV  
  60  5:40  Refinery  
  61  5:43  Marine x2  
  61  5:44  SCV  
  61  5:49  Marine, Supply Depot  
  65  5:51  SCV, Stimpack  
  65  5:54  Viking  
  65  5:56  SCV  
  69  6:00  Supply Depot  
  69  6:03  SCV  
  70  6:10  Marine x2, SCV  
  73  6:12  Engineering Bay, Marine x3  
  73  6:18  SCV  
  72  6:28  Marine x2, SCV  
  72  6:30  Siege Tank, SCV, Medivac  
  70  6:43  Marine x3  
  71  6:49  Marine x2  
  73  6:55  Terran Infantry Weapons Level 1  
  73  6:59  SCV x2  
  75  7:02  Refinery, Command Center  
  75  7:04  Siege Tank  
  75  7:05  Starport Reactor  
  75  7:08  Marine x2  
  80  7:09  Marine  
  80  7:10  Marine  
  80  7:13  Marine  
  80  7:14  SCV  
  84  7:23  Supply Depot  
  84  7:25  Supply Depot, SCV  
  84  7:26  Marine  
  86  7:45  Siege Tank, Marine x3, SCV x2  
  86  7:46  Marine, Medivac  
  97  7:55  Marine  
  97  7:56  Medivac  
  97  7:57  Combat Shields, SCV  
  101  8:05  Marine x2  
  90  8:06  Marine x2  
  94  8:12  Marine  
  88  8:22  Siege Tank, Medivac  
  88  8:23  Marine x3  
  88  8:24  Refinery  
  88  8:25  SCV x2  
  98  8:30  Marine x2  
  100  8:36  Orbital Command  
  100  8:39  SCV  
  100  8:40  SCV  
  100  8:41  Marine  
  102  8:44  Marine x2  
  75  8:48  Medivac  
  105  8:50  Marine x2  
  105  8:51  SCV  
  105  8:52  SCV  
  110  8:59  Marine  
  110  9:02  Marine  
  112  9:13  Marine  
  112  9:14  Marine x2  
  112  9:16  Marine  
  110  9:26  Marine  
  110  9:27  Siege Tank, Medivac x2  
  112  9:31  Marine  
  112  9:35  Marine x3  
Show
View Real Time Build Order
Export as new Build Order

Pokebunny Terran 

Build Orders: Reaper Expand 

Get SALT Encoding   

  12  0:01  SCV  
  13  0:13  SCV  
  14  0:18  Supply Depot  
  14  0:25  SCV  
  15  0:40  SCV  
  15  0:41  Barracks  
  16  0:45  Refinery  
  16  0:52  SCV  
  17  1:04  SCV  
  18  1:16  SCV  
  19  1:29  Orbital Command, Reaper  
  20  1:41  Command Center  
  20  1:55  SCV  
  20  1:57  Supply Depot  
  20  2:01  Marine  
  22  2:08  SCV  
  23  2:09  Factory  
  23  2:15  Refinery  
  23  2:18  Marine  
  23  2:33  SCV  
  23  2:36  Marine  
  25  2:45  SCV  
  26  2:52  Starport  
  26  2:53  Hellion, Orbital Command  
  26  2:57  Marine  
  26  2:58  SCV  
  27  3:16  Hellion  
  27  3:17  SCV  
  27  3:19  Marine  
  30  3:22  SCV  
  31  3:27  Barracks  
  31  3:29  Viking  
  33  3:36  SCV x2  
  33  3:40  Marine  
  36  3:42  Factory Tech Lab  
  36  3:48  SCV x2  
  38  3:59  Barracks  
  38  4:00  SCV  
  39  4:05  Siege Tank  
  39  4:07  Barracks Tech Lab  
  42  4:11  Engineering Bay, Supply Depot  
  42  4:12  SCV  
  42  4:13  SCV  
  42  4:15  Barracks Reactor  
  44  4:20  Starport Reactor  
  42  4:37  Marine  
  41  4:38  Stimpack  
  41  4:39  Missile Turret  
  41  4:41  Missile Turret  
  41  4:43  Siege Tank  
  44  4:48  Refinery  
  44  4:51  Marine  
  45  4:53  Marine x2  
  45  4:57  Terran Infantry Weapons Level 1  
  47  5:00  Supply Depot, SCV x2  
  49  5:10  Marine, Medivac  
  49  5:11  Marine x2  
  54  5:18  Supply Depot  
  54  5:19  Marine  
  48  5:29  SCV x2  
  48  5:31  Barracks Reactor, Marine x2  
  48  5:35  Medivac  
  53  5:41  SCV  
  53  5:42  SCV  
  55  5:45  Siege Tank  
  55  5:46  Marine  
  59  5:53  Marine x2  
  61  6:02  Medivac  
  63  6:04  Marine  
  63  6:05  SCV x2  
  63  6:09  Marine x2  
  63  6:10  Marine  
  69  6:14  Supply Depot, Marine  
  59  6:27  Marine x3  
  59  6:28  Marine  
  59  6:29  Siege Tank  
  58  6:46  Marine x3  
  58  6:47  Marine x2  
  53  6:49  Medivac  
  53  6:50  SCV x2  
  59  7:02  Siege Tank  
  59  7:04  Marine  
  59  7:05  Command Center, SCV x2  
  59  7:07  Marine x3  
  68  7:17  SCV x2  
  68  7:20  Medivac  
  72  7:26  Marine x3  
  72  7:27  Marine x2  
  77  7:35  Terran Infantry Armor Level 1  
  77  7:39  SCV x2  
  78  7:51  Supply Depot  
  78  7:52  Supply Depot  
  78  8:10  Marine  
  78  8:12  Marine  
  78  8:13  Siege Tank, Marine x3, SCV x2  
  66  8:22  Medivac x2  
  66  8:25  SCV x2  
  72  8:28  Marine  
  72  8:29  Marine  
  72  8:33  Marine x2  
  72  8:34  Refinery, Marine  
  77  8:41  Armory, Barracks, Engineering Bay  
  77  8:43  Barracks  
  77  8:45  Siege Tank  
  77  8:46  Marine  
  81  8:51  Orbital Command  
  81  8:59  Marine x2  
  81  9:00  Marine x2  
  84  9:04  Marine, SCV x2  
  86  9:23  Marine x2  
  74  9:27  Marine  
  74  9:28  Marine x2  
  69  9:41  Marine x2  
Tags
 
Add a new tag
Caveats
  • Supply blocks, unpowered buildings, or Contaminate may cause inaccurate times.
  • Supply counts are checked every 10 seconds.